Map: Neon Violet Square LE

Players

wootwoot - Winner!

  • Race: Zerg Zerg
  • Spawn Location: 11:00

BST

  • Race: Protoss Protoss
  • League: Silver
  • Spawn Location: 5:00

VOD

Have the link to the VOD?

Description

Time

  • Played on: April 21, 2025, 8:26 a.m.
  • Length: 2:34
Show
View Real Time Build Order
Export as new Build Order

wootwoot Zerg - Winner!

Build Orders: Pool Only 

Get SALT Encoding   

  12  0:18  Spawning Pool  
  11  0:23  Drone  
  11  0:27  Drone  
  13  0:31  Drone  
  14  0:40  Overlord  
  14  1:05  Zergling x4  
  14  1:06  Zergling x2  
  17  1:17  Zergling x2  
  18  1:28  Zergling x2  
  19  1:39  Zergling x2  
  20  1:49  Zergling x2  
  21  1:59  Zergling x2  
  19  2:16  Zergling x2  
Show
View Real Time Build Order
Export as new Build Order

BST Protoss 

Build Orders:  

Get SALT Encoding   

  12  0:14  Pylon  
  12  0:33  Gateway  
  12  0:43  Gateway  
  12  0:50  Assimilator  
  12  1:22  Zealot, Forge  
  14  1:33  Zealot  
  14  1:34  Pylon  
Tags
 
League
Silver
Matchup
PvZ
Opening
Pool Only
Replay Pack
#1B2M-Replays
Spawn Locations
Cross Positions
Add a new tag
Caveats
  • Supply blocks, unpowered buildings, or Contaminate may cause inaccurate times.
  • Supply counts are checked every 10 seconds.